 Dungeon Crawl Stone Soup version 0.23-a0-389-g4a5eb33 (webtiles) character file.

44528 sl00ts the Fencer (level 13, -1/119 HPs)
             Began as a Minotaur Fighter on Oct 30, 2018.
             Was a High Priest of Okawaru.
             Killed by divine providence
             ... invoked by an orc priest
              (13 damage)
             ... on level 2 of the Orcish Mines.
             The game lasted 01:03:54 (18720 turns).

sl00ts the Fencer (Minotaur Fighter)               Turns: 18720, Time: 01:03:55

Health: -1/119     AC: 21    Str: 39    XL:     13   Next: 96%
Magic:  2/12       EV: 12    Int:  5    God:    Okawaru [*****.]
Gold:   1216       SH: 29    Dex: 19    Spells: 12/12 levels left

rFire    . . .     SeeInvis .   d - +1 demon blade (drain)
rCold    + . .     Gourm    .   L - +5 large shield {AC+3}
rNeg     . . .     Faith    .   s - +4 chain mail of Absolutism {rElec rC+ Dex+2 Stlth-}
rPois    .         Spirit   .   b - +0 hat {MR+}
rElec    +         Reflect  .   (no cloak)
rCorr    .         Harm     .   D - +2 pair of gloves {archery}
MR       +....                  (no boots)
Stlth    ..........             z - amulet of regeneration
HPRegen  0.69/turn              x - +4 ring of strength
MPRegen  0.13/turn              G - +6 ring of strength

@: mighty, agile
A: retaliatory headbutt, horns 2
a: Heroism, Finesse, Renounce Religion


You were on level 2 of the Orcish Mines.
You worshipped Okawaru.
Okawaru was extremely pleased with you.
You were hungry.

You visited 3 branches of the dungeon, and saw 16 of its levels.
You also visited: Ice Cave.

You collected 1876 gold pieces.
You spent 660 gold pieces at shops.

Inventory:

Hand Weapons
 d - a +1 demon blade of draining (weapon)
 q - a +1 double sword of holy wrath
Armour
 b - a +0 hat of magic resistance (worn)
 s - the +4 chain mail of Absolutism (worn) {rElec rC+ Dex+2 Stlth-}
   (You acquired it on level 6 of the Dungeon)

   It affects your dexterity (+2).
   It protects you from cold.
   It insulates you from electricity.
   It makes you less stealthy.
 D - a +2 pair of gloves of archery (worn)
 L - a +5 large shield of protection (worn)
Jewellery
 k - an uncursed ring of positive energy
 x - a +4 ring of strength (left hand)
 z - an amulet of regeneration (around neck)
 G - a +6 ring of strength (right hand)
Wands
 a - a wand of acid (4)
 l - a wand of enslavement (14)
 p - a wand of digging (6)
 E - a wand of flame (17)
 J - a wand of iceblast (6)
Scrolls
 g - 3 scrolls of amnesia
 h - a scroll of immolation
 i - 3 scrolls of fear
 m - 4 scrolls of teleportation
 n - a scroll of magic mapping
 t - 3 scrolls of enchant weapon
 w - 4 scrolls of remove curse
 y - a scroll of random uselessness {unknown}
 H - a scroll of vulnerability
 K - a scroll of fog {unknown}
Potions
 e - 7 potions of mutation
 j - a potion of cancellation
 o - 3 potions of flight
 B - 2 potions of magic
 F - 3 potions of degeneration
Comestibles
 f - 21 rations


   Skills:
 + Level 12.5 Fighting
 * Level 19.1 Long Blades
 - Level 8.0 Armour
 + Level 15.0 Shields


You had 12 spell levels left.
You didn't know any spells.
Your spell library contained the following spells:

 Spells                   Type           Power        Failure   Level  Hunger
 Summon Butterflies       Summ           #.......     99%         1    ##.....
 Call Canine Familiar     Summ           #.......     100%        3    ####...
 Summon Ice Beast         Ice/Summ       #.......     100%        4    #####..
 Summon Mana Viper        Hex/Summ       #.......     100%        5    ######.
 Summon Hydra             Summ           #.........   100%        7    #######


Dungeon Overview and Level Annotations

Branches:
Dungeon (13/15)            Temple (1/1) D:5            Lair (0/6) D:8
    Orc (2/2) D:9             Elf (0/3) Orc:2        Vaults (0/5) D:13

Altars:
Ashenzari
Cheibriados
Dithmenos
Elyvilon
Fedhas
Gozag
Hepliaklqana
Kikubaaqudgha
Makhleb
Nemelex Xobeh
Okawaru
Qazlal
Ru
Sif Muna
Trog
Uskayaw
Vehumet
Wu Jian
Xom
Yredelemnul
Zin
The Shining One
Beogh

Shops:
D:6 ?   D:9 :   D:13 [   Orc:2 *[

Annotations:
D:4 1 runed door


Innate Abilities, Weirdness & Mutations

You reflexively headbutt those who attack you in melee.
You have a pair of horns on your head.


Message History

Your orc warrior hits the rust devil with a mace!!
Your orc hits the rust devil but does no damage.
You swap places.
The rust devil hits your orc warrior.
The rust devil corrodes your orc warrior!
Your orc hits the rust devil but does no damage.
Your orc wizard hits the rust devil but does no damage.
There are monsters nearby!
Unknown command.
You are too injured to fight recklessly!
You are too injured to fight recklessly!
You are too injured to fight recklessly!
Your orc warrior hits the rust devil with a mace!
The rust devil hits your orc. The rust devil corrodes your orc!
Your orc hits the rust devil but does no damage.
Your orc wizard hits the rust devil with a dagger.
Your orc warrior hits the rust devil from afar with a glaive!
The rust devil dies!
The orc priest calls down the wrath of Beogh upon you.
Beogh smites you!
You die...

.....#...##..................##
....#.........................#
.##.#..................†#.....#
..............................#
...................)...)......#
.....))......................##
##.###)###..######.........<.##
#.# #.# #)(#oooo#......).....#
##.###.###))#oho@#............#
.........)..#oooo#...........##
##........).##4###...........##
#..⌠...⌠....oo)[.............#
#..........##4###............#
##.###'###..#4o. #............#
...#.... #).#5o. #............#
##.#.... #..#55..#............#
#.#.._ #..#...∩#.........#.##


You could see a rust devil, 2 orc priests, a friendly orc warlord, a friendly
warg, 3 friendly orc warriors, 2 friendly orc wizards and 4 friendly orcs.

Vanquished Creatures
  A frost giant (IceCv)
  A stone giant (Orc:2)
  The ghost of RichardCranium the Cleaver, a journeyman MiBe of Trog (D:11)
  A hydra (D:13)
  A catoblepas (D:12)
  A death knight (D:12)
  2 dancing weapons (D:13)
  6 two-headed ogres
  2 tengu warriors (D:13)
  7 orc high priests (Orc:2)
  Urug (Orc:1)
  4 unseen horrors
  Pikel (D:5)
  3 orc knights
  A manticore (D:11)
  2 orc sorcerers
  4 cyclopes
  2 ugly things (D:11)
  An ice statue (IceCv)
  3 centaur zombies
  Joseph (D:10)
  A komodo dragon (D:12)
  5 trolls
  15 polar bears (IceCv)
  4 hippogriffs
  3 wraiths
  15 yaks
  A wyvern (D:11)
  2 hungry ghosts
  2 acid dragons
  7 wargs
  A soldier ant (D:13)
  A sky beast (D:8)
  12 orc warriors
  4 phantoms
  2 ice beasts
  A slave (D:5)
  A necrophage (D:12)
  16 centaurs
  12 ogres
  8 wolves (IceCv)
  A crocodile (D:13)
  3 big kobolds
  6 bullfrogs
  A wyvern zombie (D:13)
  A wyvern skeleton (D:10)
  7 scorpions
  20 killer bees
  4 jellies
  21 wights
  6 howler monkeys
  An electric eel (D:8)
  2 bullfrog zombies
  6 crimson imps
  13 orc wizards
  10 hounds
  30 orc priests
  3 centaur skeletons
  A bullfrog skeleton (D:7)
  Terence (D:3)
  2 iguanas
  4 worker ants
  13 adders
  3 shadow imps
  4 oozes
  An adder skeleton (D:9)
  An adder zombie (D:7)
  4 worms
  A dart slug (D:2)
  6 leopard geckos
  79 orcs
  8 giant cockroaches
  3 goblins
  9 hobgoblins
  16 jackals
  16 kobolds
  2 quokkas
  A ball python (D:2)
  11 bats
  2 frilled lizards
  2 jackal skeletons (D:4)
  A quokka skeleton (D:5)
  A quokka zombie (D:10)
  10 rats
496 creatures vanquished.

Notes
Turn   | Place    | Note
-------+----------+-------------------------------------------
     0 | D:1      | sl00ts the Minotaur Fighter began the quest for the Orb.
     0 | D:1      | Reached XP level 1. HP: 19/19 MP: 0/0
   220 | D:1      | Reached skill level 3 in Long Blades
   278 | D:1      | Reached XP level 2. HP: 26/26 MP: 1/1
   624 | D:2      | Reached skill level 4 in Long Blades
   662 | D:2      | Reached XP level 3. HP: 20/31 MP: 2/2
   870 | D:2      | Reached skill level 5 in Long Blades
   934 | D:2      | Reached XP level 4. HP: 38/39 MP: 3/3
  1232 | D:2      | Reached skill level 6 in Long Blades
  1472 | D:3      | Reached XP level 5. HP: 42/45 MP: 4/4
  1692 | D:3      | Noticed Terence
  1702 | D:3      | Killed Terence
  1917 | D:4      | Noticed an ogre
  1922 | D:4      | Killed an ogre
  1922 | D:4      | Reached skill level 7 in Long Blades
  2032 | D:4      | Found a glowing silver altar of Zin.
  2033 | D:4      | Found a runed door.
  2033 | D:4      | Noticed an angel
  2220 | D:4      | Found a sparkling altar of Nemelex Xobeh.
  2230 | D:4      | Reached XP level 6. HP: 51/51 MP: 5/5
  2278 | D:4      | Reached skill level 8 in Long Blades
  2516 | D:4      | Reached skill level 9 in Long Blades
  2709 | D:4      | Reached XP level 7. HP: 50/57 MP: 6/6
  3123 | D:5      | Entered Level 5 of the Dungeon
  3197 | D:5      | Reached skill level 10 in Long Blades
  3325 | D:5      | Noticed a hungry ghost
  3353 | D:5      | Killed a hungry ghost
  3398 | D:5      | Found a staircase to the Ecumenical Temple.
  3440 | D:5      | Noticed Pikel
  3461 | Temple   | Entered the Ecumenical Temple
  3723 | Temple   | Became a worshipper of Warmaster Okawaru
  3753 | D:5      | Killed Pikel
  3753 | D:5      | Reached * piety under Okawaru
  3753 | D:5      | Reached skill level 12 in Long Blades
  3753 | D:5      | Reached XP level 8. HP: 31/64 MP: 7/7
  4382 | D:6      | Found Nagehu's Magic Scroll Boutique.
  5005 | D:6      | Reached ** piety under Okawaru
  5251 | D:6      | Bought a scroll of identify for 22 gold pieces
  5251 | D:6      | Bought a scroll of identify for 22 gold pieces
  5251 | D:6      | Bought a scroll of identify for 22 gold pieces
  5251 | D:6      | Bought a scroll of identify for 22 gold pieces
  5605 | D:7      | Reached skill level 13 in Long Blades
  5891 | D:7      | Reached XP level 9. HP: 69/72 MP: 8/8
  6724 | D:8      | Reached skill level 5 in Fighting
  6724 | D:8      | Reached skill level 5 in Armour
  6733 | D:8      | Reached *** piety under Okawaru
  6776 | D:8      | Noticed a two-headed ogre
  6783 | D:8      | Killed a two-headed ogre
  6783 | D:8      | Reached skill level 14 in Long Blades
  7637 | D:8      | Reached XP level 10. HP: 38/84 MP: 9/9
  7657 | D:8      | Reached **** piety under Okawaru
  8829 | D:8      | Found a staircase to the Lair.
  8897 | D:8      | Reached skill level 15 in Long Blades
  9049 | D:9      | Found a staircase to the Orcish Mines.
  9070 | D:9      | Found Yvvoepla's Book Boutique.
  9554 | D:9      | Noticed a two-headed ogre
  9566 | D:9      | Killed a two-headed ogre
 10121 | D:10     | Entered Level 10 of the Dungeon
 10128 | D:10     | Reached ***** piety under Okawaru
 10600 | D:10     | Killed an unseen horror
 10600 | D:10     | Received a gift from Okawaru
 10600 | D:10     | Reached skill level 16 in Long Blades
 10617 | D:10     | Noticed a two-headed ogre
 10624 | D:10     | Killed a two-headed ogre
 10624 | D:10     | Reached XP level 11. HP: 52/97 MP: 10/10
 10627 | D:10     | Reached skill level 5 in Shields
 10761 | D:10     | Noticed Joseph
 10791 | D:10     | Killed Joseph
 11256 | D:11     | Noticed a green ugly thing
 11268 | D:11     | Killed a green ugly thing
 11334 | D:11     | Noticed a two-headed ogre
 11342 | D:11     | Killed a two-headed ogre
 11354 | D:11     | Reached skill level 10 in Fighting
 11553 | D:11     | Noticed a cyan ugly thing
 11569 | D:11     | Killed a cyan ugly thing
 11859 | D:11     | Found a runed gate.
 11859 | D:11     | Found a runed gate.
 11859 | D:11     | Found a runed gate.
 11859 | D:11     | Noticed RichardCranium's ghost (journeyman MiBe)
 11965 | D:11     | Received a gift from Okawaru
 12098 | D:11     | Reached skill level 10 in Shields
 12523 | D:11     | Killed RichardCranium's ghost
 12952 | D:12     | Reached XP level 12. HP: 86/106 MP: 11/11
 13201 | D:12     | Noticed a catoblepas
 13223 | D:12     | Killed a catoblepas
 13278 | D:12     | Noticed a death knight
 13288 | D:12     | Killed a death knight
 13579 | D:12     | Noticed a two-headed ogre
 13588 | D:12     | Killed a two-headed ogre
 14062 | D:6      | Bought a scroll of acquirement for 572 gold pieces
 14064 | D:6      | Got a faintly humming chain mail
 14075 | D:6      | Identified the +4 chain mail of Absolutism {rElec rC+ Dex+2
                  | Stlth-} (You acquired it on level 6 of the Dungeon)
 14382 | D:13     | Noticed a four-headed hydra
 14389 | D:13     | Killed a seven-headed hydra
 14556 | D:13     | Noticed a two-headed ogre
 14562 | D:13     | Killed a two-headed ogre
 14651 | D:13     | Noticed a tengu warrior
 14666 | D:13     | Killed a tengu warrior
 14679 | D:13     | Reached ****** piety under Okawaru
 14679 | D:13     | Received a gift from Okawaru
 14693 | D:13     | Found a gate to the Vaults.
 14800 | D:13     | Noticed a tengu warrior
 14811 | D:13     | Found Simolah's Antique Armour Boutique.
 14814 | D:13     | Killed a tengu warrior
 15469 | Orc:1    | Entered Level 1 of the Orcish Mines
 15469 | Orc:1    | Noticed Urug
 15487 | Orc:1    | Reached XP level 13. HP: 92/119 MP: 4/12
 15494 | Orc:1    | Killed Urug
 15497 | Orc:1    | HP: 5/119 [orc warrior/+0 halberd of protection (22)]
 15644 | Orc:1    | Paralysed by an orc sorcerer for 3 turns
 15858 | Orc:2    | Entered Level 2 of the Orcish Mines
 15905 | Orc:1    | Found a frozen archway.
 15914 | IceCv    | Entered an ice cave
 15926 | IceCv    | Reached skill level 17 in Long Blades
 16338 | IceCv    | Received a gift from Okawaru
 16351 | IceCv    | Noticed a frost giant
 16372 | IceCv    | Killed a frost giant
 17691 | Orc:2    | Reached skill level 18 in Long Blades
 17831 | Orc:2    | Reached skill level 15 in Shields
 18068 | Orc:2    | Found a roughly hewn altar of Beogh.
 18157 | Orc:2    | HP: 2/119 [orc warrior/+0 scimitar[an orc knight] (21)]
 18360 | Orc:2    | Noticed a stone giant
 18366 | Orc:2    | Found a roughly hewn altar of Beogh.
 18375 | Orc:2    | Killed a stone giant
 18375 | Orc:2    | Reached skill level 19 in Long Blades
 18476 | Orc:2    | Found a staircase to the Elven Halls.
 18663 | Orc:2    | Found Dolixoz's General Store.
 18663 | Orc:2    | Found Waribiqu's Antique Armour Emporium.
 18720 | Orc:2    | Killed from afar by an orc priest

Vault maps used:
D:1:      psy_arrival_radial01
D:2:      minmay_tromino_i4
D:3:      uniq_terence
D:4:      nemelex_xobeh_ov_fountains_minmay, minivault_1, lemuel_angel_altar
D:5:      minmay_temple_entry_butterflies, first_ration, uniq_pikel
D:6:      serial_shops, nicolae_shop_waterfront, minmay_curled_crystal
D:8:      lair_entry_dummy
D:9:      orc_0_dummy, serial_shops, shop
D:10:     uniq_joseph
D:11:     ebering_ghost_rock_garden, blue_anna_alchemist
D:13:     erik_vaults_1, serial_shops, shop_coins, minmay_misc_feat_x
Temple:   roderic_octagonal_lattice_temple
Orc:1:    portal_ice_cave_entry_pillars_1, uniq_urug
Orc:2:    st_orc_town, basic_altar
IceCv:    ice_cave_small_giant

Skill      XL: |  1  2  3  4  5  6  7  8  9 10 11 12 13 |
---------------+----------------------------------------+-----
Long Blades    | 3 4 5 6 7 9 12 13 14 16 19 | 19.1
Fighting       | 4 6 9 10 12 | 12.5
Armour         | 4 6 8 |  8.0
Shields        | 4 11 14 15 | 15.0

Action                   |  1- 3 |  4- 6 |  7- 9 | 10-12 | 13-15 || total
-------------------------+-------+-------+-------+-------+-------++-------
Melee: Long sword        |    71 |   135 |   336 |   183 |       ||   725
       Headbutt          |    16 |    21 |    59 |   161 |   135 ||   392
       Demon whip        |       |       |       |    31 |       ||    31
       Demon blade       |       |       |       |   415 |   412 ||   827
Invok: Heroism           |       |       |     2 |     4 |     9 ||    15
       Finesse           |       |       |       |     4 |     7 ||    11
  Use: Scroll            |       |     5 |    11 |    15 |     9 ||    40
       Potion            |       |       |     4 |     8 |    10 ||    22
  Eat: Chunk             |       |     2 |     9 |     6 |     5 ||    22
       Ration            |       |     1 |     3 |     6 |     1 ||    11
Armor: Scale mail        |    30 |    49 |   124 |    75 |       ||   278
       Acid dragon scale |       |       |       |    39 |       ||    39
       Chain mail        |       |       |       |    45 |   114 ||   159
Dodge: Dodged            |    18 |    41 |    68 |   159 |    88 ||   374
Block: Shield            |    33 |    68 |   147 |   353 |   142 ||   743
       Large shield      |       |       |       |       |   306 ||   306
       Rpst.: Long sword |     9 |     9 |    17 |    11 |       ||    46
       Demon blade       |       |       |       |    19 |    17 ||    36

Table legend:
 A = Non-vault XP
 B = Vault XP
 C = Vault XP percentage of total XP
 D = Non-vault monster count
 E = Vault monster count
 F = Vault count percentage of total count
                 A         B        C        D         E       F
            +---------+---------+-------+---------+---------+-------
      Total |   41166 |   22446 |  35.3 |     394 |     101 |  20.4
            +---------+---------+-------+---------+---------+-------
        D:1 |      16 |       0 |   0.0 |      11 |       0 |   0.0
        D:2 |     128 |      14 |   9.9 |      35 |       2 |   5.4
        D:3 |      56 |      36 |  39.1 |      19 |       1 |   5.0
        D:4 |     596 |       0 |   0.0 |      20 |       0 |   0.0
        D:5 |     360 |     651 |  64.4 |       8 |       1 |  11.1
        D:6 |     476 |       0 |   0.0 |      11 |       0 |   0.0
        D:7 |     733 |       0 |   0.0 |      30 |       0 |   0.0
        D:8 |    3880 |       0 |   0.0 |      49 |       0 |   0.0
        D:9 |    3007 |       0 |   0.0 |      22 |       0 |   0.0
       D:10 |    4618 |     434 |   8.6 |      36 |       1 |   2.7
       D:11 |    5809 |    1135 |  16.3 |      35 |       2 |   5.4
       D:12 |    8330 |       0 |   0.0 |      33 |       0 |   0.0
       D:13 |    6920 |    1808 |  20.7 |      27 |       2 |   6.9
      Orc:1 |    2557 |     815 |  24.2 |      35 |       1 |   2.8
      Orc:2 |    3680 |    7791 |  67.9 |      23 |      55 |  70.5
      IceCv |       0 |    9762 | 100.0 |       0 |      36 | 100.0
            +---------+---------+-------+---------+---------+-------
